 Dungeon Crawl Stone Soup version 0.23.2-1-ga50397a6bc (webtiles) character file.

Game seed: 6697457195606271345

23 GreaterElenko the Charmwright (level 2, 0/22 HPs)
             Began as a Vampire Skald on Apr 16, 2019.
             Slain by a worm (8 damage)
             ... on level 2 of the Dungeon.
             The game lasted 00:01:33 (1005 turns).

GreaterElenko the Charmwright (Vampire Skald)       Turns: 1005, Time: 00:01:34

Health: 0/22       AC:  3    Str: 10    XL:     2   Next: 72%
Magic:  5/5        EV: 12    Int: 15    God:
Gold:   94         SH:  0    Dex: 13    Spells: 2/5 levels left

rFire    . . .     SeeInvis +   a - +0 spear
rCold    . . .     Gourm    .   (no shield)
rNeg     . . .     Faith    .   b - +0 leather armour
rPois    .         Spirit   .   (no helmet)
rElec    .         Reflect  .   (no cloak)
rCorr    .         Harm     .   (no gloves)
MR       .....                  (no boots)
Stlth    +.........             (no amulet)
HPRegen  0.27/turn              (no ring)
MPRegen  0.09/turn              (no ring)

@: regenerating quickly
A: fangs 3, see invisible, unbreathing
a: no special abilities


You were on level 2 of the Dungeon.
You were full.

You visited 1 branch of the dungeon, and saw 2 of its levels.

You collected 94 gold pieces.

Inventory:

Hand Weapons
 a - a +0 spear (weapon)
Armour
 b - a +0 leather armour (worn)
Scrolls
 e - a scroll of remove curse {unknown}
 f - 3 scrolls of identify {unknown}
 h - 3 scrolls of immolation {unknown}
 i - a scroll of magic mapping {unknown}
 j - a scroll of blinking {unknown}
 l - a scroll of teleportation {unknown}
 m - a scroll of amnesia {unknown}
Potions
 c - a potion of ambrosia {unknown}
 d - a potion of haste {unknown}
 g - a potion of might {unknown}
 k - 2 potions of agility {unknown}
 n - a potion of curing {unknown}
 o - a potion of brilliance {unknown}
 q - 2 potions of blood {@q0}


   Skills:
 + Level 2.1 Fighting
 * Level 2.4 Polearms
 - Level 0.7 Armour
 - Level 2.1 Dodging
 - Level 2.0 Spellcasting
 + Level 3.6 Charms


You had 2 spell levels left.
You knew the following spells:

 Your Spells              Type           Power        Failure   Level  Hunger
a - Infusion              Chrm           ##..         7%          1    #......
q - Shroud of Golubria    Chrm/Tloc      #.........   22%         2    ###....

Your spell library contained the following spells:

 Spells                   Type           Power        Failure   Level  Hunger
 Song of Slaying          Chrm           ##......     11%         2    ###....
 Regeneration             Chrm/Necr      #.........   41%         3    ###....
 Spectral Weapon          Hex/Chrm       #.......     41%         3    ###....


Dungeon Overview and Level Annotations

Branches:
Dungeon (2/15)

Altars:


Innate Abilities, Weirdness & Mutations

Your natural rate of healing is unusually fast.
You have razor-sharp teeth.
You have supernaturally acute eyesight. (SInv)
You can survive without breathing.


Message History

No target in view!
You now have 83 gold pieces (gained 14).
No target in view!
Found a scimitar.
No target in view!
Found a scroll labeled MYXEIC YPROVO and a scroll labeled NEIMIJ GAGUSEA.
No target in view!
h - 2 scrolls labeled MYXEIC YPROVO (gained 1) No target in view!
No target in view!
No target in view!
A kobold comes into view. It is wielding a +0 short sword.
The kobold shouts!
A kobold is nearby!
Attack whom?
Aim: a kobold, wielding a +0 short sword You reach to attack!
You hit the kobold. You hit the kobold.
You kill the kobold!
No target in view!
You see here a +0 short sword.
Key pressed, stopping explore.
No target in view!
Found 11 gold pieces.
You now have 94 gold pieces (gained 11).
f - 3 scrolls labeled NEIMIJ GAGUSEA (gained 1)
Found a scroll labeled MYXEIC YPROVO.
h - 3 scrolls labeled MYXEIC YPROVO (gained 1)
Found a sedimented white potion.
No target in view!
No target in view!
o - a sedimented white potion You see here 19 bolts.
You see here a shield.
You see here 28 bolts.
Found a stone staircase leading down.
A worm comes into view.
A worm is nearby!
You hit the worm. You hit the worm. The worm bites you.
You hit the worm. The worm bites you.
You hit the worm. You hit the worm but do no damage. You bite the worm.
The worm bites you but does no damage.
You barely miss the worm. You hit the worm but do no damage.
The worm bites you.
* * * LOW HITPOINT WARNING * * *
You hit the worm. You hit the worm but do no damage. The worm bites you!
You die...

###.........###.#
###..##.###.# #.#
#.....#.# #.# #.#
#.#...#.# #.#
#.## ......#.#
#.# #..#
...>..#.# #.#
##.# #.....#.#
#.# #.# #######
#.# #.# #######
#># #@# .......
#w# ####### #.#
#.# #.# #.# #.#
#.#


You could see a worm.

Vanquished Creatures
  A giant cockroach (D:1)
  5 goblins
  4 hobgoblins
  2 kobolds
  5 bats
  3 rats
20 creatures vanquished.

Notes
Turn   | Place    | Note
-------+----------+-------------------------------------------
     0 | D:1      | GreaterElenko the Vampire Skald began the quest for the
                  | Orb.
     0 | D:1      | Reached XP level 1. HP: 16/16 MP: 3/3
   180 | D:1      | Reached XP level 2. HP: 17/22 MP: 5/5
   199 | D:1      | Learned a level 2 spell: Shroud of Golubria
  1005 | D:2      | Slain by a worm

Skill      XL: |  1 |
---------------+----+-----
Polearms       | 2 |  2.4
Fighting       | 2 |  2.1
Armour         | |  0.7
Dodging        | |  2.1
Spellcasting   | |  2.0
Charms         | |  3.6

Action                   || total
-------------------------++-------
Melee: Spear             ||    86
       Bite              ||     2
 Cast: Infusion          ||     1
  Use: Potion            ||     7
Armor: Leather armour    ||    11
Dodge: Dodged            ||    41
